 Dungeon Crawl Stone Soup version 0.18-a0-1655-ge2d8d33 (webtiles) character file.

96 Eldritch the Shield-Bearer (level 4, 0/42 HPs)
             Began as a Deep Dwarf Fighter on Mar 29, 2016.
             Slain by Sigmund
             ... wielding a +0 scythe
              (2 damage)
             ... on level 2 of the Dungeon on Mar 30, 2016.
             The game lasted 00:40:11 (1275 turns).

Eldritch the Shield-Bearer (Deep Dwarf Fighter)     Turns: 1275, Time: 00:40:12

Health: 0/42       AC:  7    Str: 20    XL:     4   Next: 41%
Magic:  4/4        EV:  8    Int:  9    God:
Gold:   53         SH:  9    Dex: 12    Spells: 0 memorised, 3 levels left

rFire  . . .     SeeInvis .     a - +0 war axe
rCold  . . .     Gourm    .     b - +0 scale mail
rNeg   . . .     Faith    .     c - +0 shield
rPois  .         Spirit   .     (no helmet)
rElec  .         Dismiss  .     (no cloak)
rCorr  .         Reflect  .     (no gloves)
SustAt .         Harm     .     (no boots)
MR     .....                    (no amulet)
Stlth  +.........               (no ring)
                                s - ring of stealth

@: non-regenerating, not resistant to hostile enchantments, very unstealthy
A: damage resistance, recharge devices, sense surroundings 1, slow regeneration
3
a: Device Recharging


You were on level 2 of the Dungeon.
You were not hungry.

You visited 1 branch of the dungeon, and saw 2 of its levels.

You collected 53 gold pieces.

Inventory:

Hand Weapons
 a - a +0 war axe (weapon)
Missiles
 n - 4 javelins of penetration (quivered)
Armour
 b - a +0 scale mail (worn)
 c - a +0 shield (worn)
Jewellery
 s - a ring of stealth (left hand)
Wands
 e - a wand of heal wounds (4/9)
Scrolls
 g - a scroll of identify {unknown}
 j - 2 scrolls of noise {unknown}
 o - 3 scrolls of enchant armour {unknown}
 p - a scroll of amnesia {unknown}
 r - a scroll of fear {unknown}
 t - 2 scrolls of teleportation {unknown}
 v - a scroll of blinking {unknown}
Potions
 d - a potion of might
 h - a potion of cancellation {unknown}
 l - a potion of agility {unknown}
 m - a potion of curing {unknown}
 q - a potion of ambrosia {unknown}
 u - a potion of flight {unknown}
 w - a potion of lignification {unknown}
Comestibles
 f - a bread ration
 i - a beef jerky
 k - a meat ration


   Skills:
 + Level 3.1 Fighting
 + Level 2.6 Axes
 + Level 4.0 Armour
 + Level 1.8 Dodging
 + Level 4.1 Shields


You had 3 spell levels left.
You didn't know any spells.

Dungeon Overview and Level Annotations

Branches:
Dungeon (2/15)

Altars:

Annotations:
D:2 Sigmund


Innate Abilities, Weirdness & Mutations

You are resistant to damage.
You can recharge devices by infusing magical energy.
You passively map a small area around you.
You do not regenerate naturally.


Message History

You block something's attack.
You slash something!
You hear some strange, mumbled words.
Something tries to affect you, but you resist.
You closely miss something. You miss something. Something hits you!
You closely miss something. Something hits you but does no damage.
You barely miss something.
You hear some strange, mumbled words.
Something tries to affect you, but you resist.
Something hits you!!
* * * LOW HITPOINT WARNING * * *
Your shield and scale mail prevent you from hitting something.
You hear some strange, mumbled words.
Something tries to affect you, but you resist.
Your scale mail prevents you from hitting something.
Something hits you.
* * * LOW HITPOINT WARNING * * *
You closely miss something. Something hits you.
You die...

,.... ,* #...# ,,,.......
###...# ....... #.....# ,
....... #.....## ,.......
#......# .......###
#......# .........#
#......#
#....#.#######......#######
#........{@...............#
#.##.#######........###.#.#
## #.#......).(.... *,
#.#......)##.###
#.#.....#.##.# ,
#............#
######....#### , ###### *


There were no monsters in sight!

Vanquished Creatures
  Terence (D:2)
  An adder (D:2)
  An ooze (D:1)
  A worm (D:2)
  A dart slug (D:1)
  A ball python (D:1)
  2 giant cockroaches
  8 goblins
  8 hobgoblins
  9 jackals (D:1)
  10 bats
  A giant newt (D:1)
  2 kobolds (D:1)
  3 rats
49 creatures vanquished.

Notes
Turn   | Place    | Note
--------------------------------------------------------------
     0 | D:1      | Eldritch the Deep Dwarf Fighter began the quest for the Orb.
     0 | D:1      | Reached XP level 1. HP: 20/20 MP: 1/1
    91 | D:1      | Reached XP level 2. HP: 21/27 MP: 2/2
   376 | D:1      | Reached XP level 3. HP: 20/33 MP: 3/3
   783 | D:2      | Upgraded the game from 0.18-a0-1649-g8d9735b to 0.18-a0-1655-ge2d8d33
  1209 | D:2      | Noticed Terence
  1215 | D:2      | Reached skill level 1 in Dodging
  1222 | D:2      | Killed Terence
  1222 | D:2      | Reached XP level 4. HP: 39/42 MP: 4/4
  1259 | D:2      | Noticed Sigmund
  1274 | D:2      | HP: 2/42 [something (4)]
  1275 | D:2      | Slain by Sigmund

Vault maps used:
D:1:      scummos_arrival_gate
D:2:      uniq_sigmund, uniq_terence

Skill      XL: |  1  2  3  4 |
---------------+-------------+-----
Fighting       | 3 |  3.1
Shields        | 4 |  4.1
Dodging        | 1 |  1.8
Armour         | 4 |  4.0
Axes           | |  2.6

Action                   |  1- 3 |  4- 6 || total
-------------------------+-------+-------++-------
Melee: War axe           |   145 |    16 ||   161
Evoke: Wand              |     1 |       ||     1
 Stab: Distracted        |     1 |       ||     1
  Eat: Royal jelly       |     1 |       ||     1
